Map: Blackpink LE

Players

Lenskor - Winner!

  • Race: Protoss Protoss
  • League: Gold
  • Spawn Location: 1:00

NecroShade

  • Race: Zerg Zerg
  • Spawn Location: 7:00

VOD

Have the link to the VOD?

Description

Time

  • Played on: Feb. 19, 2018, 12:12 p.m.
  • Length: 8:25
Show
View Real Time Build Order
Export as new Build Order

Lenskor Protoss - Winner!

Build Orders: 1 Gate Expand 

Get SALT Encoding   

  12  0:01  Probe  
  13  0:13  Probe  
  14  0:28  Pylon  
  14  0:30  Probe  
  15  0:46  Gateway, Probe (Chrono Boost)  
  16  0:55  Assimilator  
  16  0:58  Probe (Chrono Boost)  
  17  1:07  Probe (Chrono Boost)  
  18  1:12  Probe  
  19  1:25  Nexus  
  19  1:43  Cybernetics Core  
  19  1:48  Pylon  
  19  1:50  Probe  
  20  2:02  Probe  
  21  2:08  Gateway  
  21  2:14  Probe  
  22  2:18  Warp Gate (Chrono Boost)  
  22  2:19  Assimilator  
  22  2:21  Adept  
  24  2:26  Probe  
  25  2:37  Probe  
  25  2:39  Probe  
  27  2:46  Pylon  
  27  2:49  Probe  
  27  2:51  Probe  
  29  2:57  Twilight Council  
  29  3:03  Probe  
  30  3:06  Adept  
  30  3:10  Probe  
  33  3:15  Probe  
  33  3:18  Gateway  
  34  3:22  Probe  
  35  3:27  Probe  
  35  3:28  Adept  
  38  3:38  Probe  
  38  3:39  Probe  
  40  3:41  Resonating Glaives (Chrono Boost)  
  40  3:50  Probe  
  40  3:51  Probe  
  40  3:52  Robotics Facility  
  42  4:02  Probe  
  43  4:05  Pylon  
  43  4:08  Pylon  
  43  4:19  Adept x2  
  47  4:27  Adept  
  49  4:33  Assimilator  
  49  4:35  Assimilator  
  49  4:42  Gateway  
  49  4:44  Gateway  
  49  4:50  Warp Prism (Chrono Boost)  
  51  4:54  Adept  
  51  4:55  Adept x2  
  57  5:09  Gateway x2  
  57  5:11  Gateway  
  57  5:16  Adept x3  
  57  5:20  Pylon  
  63  5:23  Pylon  
  63  5:26  Warp Prism (Chrono Boost)  
  65  5:33  Probe (Chrono Boost)  
  67  5:38  Probe (Chrono Boost)  
  67  5:40  Probe (Chrono Boost)  
  67  5:41  Adept x2  
  72  6:02  Observer  
  72  6:03  Adept  
  72  6:04  Adept x2  
  79  6:30  Adept x3  
  85  6:40  Pylon x2  
  85  6:43  Pylon  
  85  6:44  Probe  
  86  6:58  Probe  
  87  7:21  Adept  
  87  7:22  Adept x4  
  97  7:23  Adept  
  97  7:24  Adept  
  97  7:29  Adept  
  87  7:42  Adept x3  
  93  7:44  Adept x3  
  93  7:45  Adept  
Show
View Real Time Build Order
Export as new Build Order

NecroShade Zerg 

Build Orders: Hatch First 

Get SALT Encoding   

  12  0:02  Drone  
  13  0:17  Overlord  
  13  0:22  Drone  
  14  0:39  Drone x3  
  17  0:51  Drone  
  18  1:11  Hatchery  
  18  1:15  Drone  
  18  1:29  Drone  
  18  1:30  Drone  
  20  1:33  Extractor  
  20  1:37  Drone  
  20  1:44  Spawning Pool  
  19  1:48  Drone  
  20  1:54  Drone  
  21  2:05  Drone  
  22  2:16  Overlord  
  22  2:24  Drone  
  23  2:31  Queen  
  23  2:36  Metabolic Boost  
  25  2:38  Queen  
  25  2:39  Drone  
  28  2:48  Drone x2  
  28  2:49  Drone  
  31  2:53  Drone  
  32  3:12  Zergling x4  
  34  3:13  Zergling x4  
  36  3:29  Overlord x2  
  36  3:52  Drone x7  
  36  3:53  Drone x2  
  45  4:11  Hatchery  
  44  4:22  Drone x3  
  44  4:23  Drone x3  
  50  4:25  Extractor  
  50  4:27  Extractor  
  50  4:29  Drone x2  
  50  4:30  Drone x2  
  52  4:32  Overlord x2  
  52  4:39  Extractor  
  52  4:40  Roach Warren  
  50  4:54  Drone x2  
  50  4:55  Drone  
  50  4:57  Drone x2  
  55  5:06  Drone x3  
  58  5:29  Roach x7  
  72  5:37  Queen  
  74  5:49  Overlord x3  
  74  5:55  Overlord x2  
  74  6:14  Drone x2  
  76  6:31  Lair  
  78  6:33  Lair  
  78  6:37  Lair  
  76  6:50  Evolution Chamber  
  76  6:51  Evolution Chamber  
  74  6:59  Zergling x20  
  74  7:00  Zergling x16  
  68  7:30  Zergling x12  
  51  7:56  Roach x9  
  69  8:03  Roach x3  
  69  8:06  Spine Crawler  
  69  8:08  Spine Crawler  
  69  8:11  Spine Crawler  
  63  8:20  Ravager x3  
Tags
 
Add a new tag
Caveats
  • Supply blocks, unpowered buildings, or Contaminate may cause inaccurate times.
  • Supply counts are checked every 10 seconds.